 Dungeon Crawl Stone Soup version 0.27.1-4-g1640c2035a (webtiles) character file.

Game seed: 5744399106190215607

20870 raph the Summoner (level 12, -3/68 HPs)
             Began as a Deep Elf Earth Elementalist on Nov 2, 2021.
             Was a Priest of Zin.
             Killed from afar by an oklob plant (10 damage)
             ... with a splash of acid
             ... on level 3 of the Lair of Beasts.
             The game lasted 00:30:09 (17919 turns).

raph the Summoner (Deep Elf Earth Elementalist)    Turns: 17919, Time: 00:30:10

Health: -3/68      AC:  1    Str:  5    XL:     12   Next: 49%
Magic:  26/26      EV: 17    Int: 28    God:    Zin [***...]
Gold:   214        SH:  0    Dex: 20    Spells: 5/28 levels left

rFire    . . .     SeeInvis +   x - +5 dagger
rCold    . . .     Faith    .   (no shield)
rNeg     . . .     Spirit   .   D - +1 robe {Archmagi}
rPois    .         Reflect  .   y - +1 hat {Int+3}
rElec    .         Harm     .   (no cloak)
rCorr    .         Rampage  .   z - +0 pair of gloves
Will     +....     Archmagi +   (no boots)
Stlth    ++++......             (no amulet)
HPRegen  0.21/turn              n - ring of the Gastropod {Dex+4 SInv}
MPRegen  0.20/turn              J - +4 ring of protection

@: corroded, very slightly contaminated, invisible
A: no striking features
a: Renounce Religion, Recite, Vitalisation, Imprison, Donate Gold


You were on level 3 of the Lair of Beasts.
You worshipped Zin.
Zin was most pleased with you.
You visited 2 branches of the dungeon, and saw 11 of its levels.

You collected 499 gold pieces.
You spent 242 gold pieces at shops.
You donated 43 gold pieces to Zin.

Inventory:

Hand Weapons
 h - a +0 dagger
 o - a +0 long sword
 p - a +2 dagger of venom
 x - a +5 dagger (weapon)
Missiles
 c - 99 stones
Armour
 b - a +0 robe
 y - a +1 hat of intelligence (worn)
 z - a +0 pair of gloves (worn)
 A - the +1 leather armour of the Hidden Vale {*Corrode rC- Str+4 Dex+7}
   (You bought it in a shop on level 2 of the Dungeon)

   Str:       It affects your strength (+4).
   Dex:       It affects your dexterity (+7).
   rC:        It makes you vulnerable to cold.
   *Corrode:  It may corrode you when you take damage.
 D - a +1 robe of the Archmagi (worn)
 I - a +2 pair of boots
 K - a +0 cloak
Jewellery
 j - a ring of resist corrosion
 k - a +4 ring of evasion
 n - the ring of the Gastropod (left hand) {Dex+4 SInv}
   (You found it on level 5 of the Dungeon)

   [ring of see invisible]

   Dex:       It affects your dexterity (+4).
   SInv:      It lets you see invisible.
 t - the ring of Reutz {rPois rC- MP+9 Int+3 Dex+4}
   (You found it on level 5 of the Dungeon)

   [ring of magical power]

   Int:       It affects your intelligence (+3).
   Dex:       It affects your dexterity (+4).
   rC:        It makes you vulnerable to cold.
   rPois:     It protects you from poison.
   MP:        It affects your magic capacity (+9).
 u - a +6 ring of intelligence
 B - a ring of see invisible
 J - a +4 ring of protection (right hand)
Wands
 C - a wand of iceblast (7)
 G - a wand of digging (7)
 H - a wand of flame (21)
 L - a wand of acid (5)
 M - a wand of mindburst (17)
Scrolls
 a - 3 scrolls of immolation
 d - 7 scrolls of teleportation
 i - 3 scrolls of fog
 l - 2 scrolls of amnesia
 F - a scroll of enchant weapon
Potions
 e - 2 potions of haste
 f - 3 potions of curing
 g - 2 potions of resistance
 m - 3 potions of might
 q - a potion of invisibility
 r - a potion of flight
 s - 2 potions of heal wounds
 v - a potion of brilliance
 w - 2 potions of cancellation
 E - a potion of ambrosia {unknown}


   Skills:
 + Level 5.3 Fighting
 + Level 8.0 Dodging
 + Level 8.6 Stealth
 + Level 8.7 Spellcasting
 + Level 8.1 Conjurations
 * Level 9.4 Summonings
 - Level 1.1 Transmutations
 * Level 6.6 Ice Magic
 + Level 9.3 Earth Magic
 * Level 8.1 Invocations


You had 5 spell levels left.
You knew the following spells:

 Your Spells              Type           Power      Damage    Failure   Level
a - Sandblast             Erth           100%       2d20      1%          1
b - Passwall              Tmut/Erth      48%        N/A       1%          2
c - Stone Arrow           Conj/Erth      100%       3d13      1%          3
d - Animate Armour        Summ/Erth      100%       N/A       1%          4
e - Blink                 Tloc           N/A        N/A       7%          2
f - Petrify               Tmut/Erth      58%        N/A       5%          4
g - Summon Ice Beast      Ice/Summ       72%        N/A       1%          4
h - Frozen Ramparts       Ice            100%       1d12      1%          3

Your spell library contained the following spells:

 Spells                   Type           Power      Damage    Failure   Level
 Summon Small Mammal      Summ           100%       N/A       1%          1
 Wereblood                Tmut           27%        N/A       4%          2
 Ice Form                 Ice/Tmut       50%        N/A       10%         4
 Ignite Poison            Fire/Tmut/Pois 21%        N/A       12%         3
 Portal Projectile        Hex/Tloc       36%        N/A       14%         3
 Borgnjor's Vile Clutch   Necr/Erth      27%        N/A       19%         5
 Summon Mana Viper        Hex/Summ       55%        N/A       19%         5
 Animate Dead             Necr           9%         N/A       41%         4
 Blade Hands              Tmut           13%        N/A       63%         5
 Excruciating Wounds      Necr           9%         N/A       77%         5
 Manifold Assault         Tloc           18%        N/A       77%         5
 Storm Form               Tmut/Air       11%        N/A       100%        7
 Dragon's Call            Summ           39%        N/A       100%        9


Dungeon Overview and Level Annotations

Branches:
Dungeon (8/15)             Temple (0/1) D:6            Lair (3/6) D:8
  Swamp (0/4) Lair:3       Spider (0/4) Lair:2

Altars:
Fedhas
Gozag
Hepliaklqana
Kikubaaqudgha
Vehumet
Wu Jian
Zin
Jiyva

Shops:
D:2 !*=[(

Annotations:
D:8 3 runed translucent doors, PanSaczeczos's ghost, novice TeWz
Lair:2 Gastronok
Lair:3 3 runed translucent doors, exclusion: 4 oklob plants, Elimall's ghost, journeyman GnFi


Message History

Marking area around 3 oklob plants as unsafe for travelling.
You see here a scroll of identify.
You see here the Volume of Shifting Companions.
You pick up the Volume of Shifting Companions and begin reading...
You add the spells Wereblood, Ignite Poison and Dragon's Call to your library.
You see here 18 gold pieces.
You see here a wand of mindburst (17).
You see here 7 gold pieces.
You see here a book of Weapons.
You pick up a book of Weapons and begin reading...
You add the spells Portal Projectile, Excruciating Wounds and Blade Hands to your library.
You see here 18 gold pieces.
You pay a tithe of 2 gold.
You now have 191 gold pieces (gained 16).
You see here 7 gold pieces.
You pay a tithe of 1 gold.
You now have 197 gold pieces (gained 6).
You see here a wand of mindburst (17).
M - a wand of mindburst (17)
The oklob plant spits acid at something.
The oklob plant spits acid at something. x2
The splash of acid hits you! The acid corrodes you!
You are splashed with acid!
You see here 18 gold pieces.
You pay a tithe of 1 gold.
You now have 214 gold pieces (gained 17).
The oklob plant spits acid at something.
The splash of acid hits you!
You are splashed with acid!
The oklob plant spits acid at you. The splash of acid hits you!
* * * LOW HITPOINT WARNING * * *
The acid corrodes you!
You are splashed with acid!
* * * LOW HITPOINT WARNING * * *
You see here 25 gold pieces.
Okay, then.
Okay, then.
The oklob plant spits acid past the oklob plant.
The splash of acid misses you.
The oklob plant spits acid at something.
The splash of acid hits you!
You die...

####...............#
###..........####
###......### ##...###
##.#### #####.#######
##...$P...# #...../...#
# #...@$$..P# #
#....P.P?$# #
#.......!.# ##
#...####### .#
#.###....## #####
##.#.#.....# #..####
##..........#
##.###.####..........##
#.8...##.......##....#


You could see 4 oklob plants.

Vanquished Creatures
  4 hydras
  5 elephants
  A black mamba (Lair:3)
  11 cane toads
  Maggie (D:7)
  2 rime drakes
  4 komodo dragons
  A polar bear (Lair:3)
  A jumping spider (Lair:2)
  A hornet (D:8)
  3 redbacks (Lair:2)
  20 yaks
  5 wyverns
  A shadow (D:6)
  3 basilisks
  A steam dragon (D:8)
  8 water moccasins
  An orc warrior (D:7)
  An ice beast (D:5)
  A sky beast (D:7)
  2 hornet zombies
  A black bear (D:8)
  2 swamp drakes
  An ogre (D:6)
  7 wolves (Lair:3)
  2 phantoms
  3 centaurs
  A kobold brigand (D:6)
  8 bullfrogs
  2 scorpions
  A wyvern skeleton (D:6)
  A water moccasin skeleton (D:6)
  3 killer bees (D:8)
  8 wights (D:7)
  5 jellies
  A gnoll shaman (D:8)
  A hound (D:7)
  2 orc priests
  2 iguanas
  11 orc wizards
  A hound zombie (D:5)
  8 gnolls
  6 adders
  A shadow imp (D:6)
  A white imp (D:5)
  An adder skeleton (D:4)
  2 worms (D:2)
  2 dart slugs
  20 orcs
  4 endoplasms
  3 giant cockroaches
  6 hobgoblins
  4 quokkas
  7 ball pythons
  2 bats (D:1)
  6 frilled lizards
  10 goblins
  12 kobolds
  7 rats
242 creatures vanquished.

Vanquished Creatures (collateral kills)
  A hydra (Lair:3)
  An elephant (Lair:1)
  2 yaks (Lair:2)
4 creatures vanquished.

Vanquished Creatures (others)
  A human (D:4)
  2 bushes (Lair:2)
  41 fungi
  45 plants
89 creatures vanquished.

Grand Total: 335 creatures vanquished

Notes
Turn   | Place    | Note
-------+----------+-------------------------------------------
     0 | D:1      | raph the Deep Elf Earth Elementalist began the quest for
                  | the Orb.
     0 | D:1      | Reached XP level 1. HP: 10/10 MP: 6/6
    74 | D:1      | Found a faded altar of an unknown god.
   246 | D:1      | Reached XP level 2. HP: 9/15 MP: 5/8
   755 | D:2      | Found Qamn's Antique Armour Boutique.
   832 | D:2      | Reached XP level 3. HP: 20/20 MP: 5/9
  1004 | D:2      | Reached skill level 1 in Fighting
  1004 | D:2      | Reached XP level 4. HP: 22/25 MP: 3/11
  1080 | D:2      | Learned a level 2 spell: Passwall
  1084 | D:2      | Learned a level 3 spell: Stone Arrow
  1109 | D:2      | Found Lummar's Weapon Boutique.
  1114 | D:2      | Bought 9 stones for 12 gold pieces
  1114 | D:2      | Bought 12 stones for 16 gold pieces
  1451 | D:2      | Found Dubagie's Assorted Antiques.
  1462 | D:2      | Identified a scroll of acquirement
  1462 | D:2      | Acquired the Incunabulum of Supportive Stolen Souls
  1477 | D:2      | Found Nuifuivau's Distillery.
  1488 | D:2      | Bought a potion of curing for 33 gold pieces
  1526 | D:2      | Found Catt's Jewellery Shoppe.
  1829 | D:2      | Learned a level 4 spell: Animate Armour
  2085 | D:3      | Reached skill level 1 in Conjurations
  2085 | D:3      | Reached XP level 5. HP: 21/29 MP: 3/12
  2618 | D:3      | Found an opulent altar of Gozag.
  2667 | D:3      | Acquired an Inescapable Atlas
  2706 | D:3      | Found a glowing silver altar of Zin.
  3067 | D:3      | Found an ornate altar of the Wu Jian Council.
  3168 | D:3      | Became a worshipper of Zin the Law-Giver
  3324 | D:4      | Reached skill level 1 in Summonings
  3547 | D:4      | Reached * piety under Zin
  3872 | D:4      | Noticed a phantom
  3878 | D:4      | Killed a phantom
  3879 | D:4      | Reached XP level 6. HP: 24/34 MP: 1/14
  3975 | D:4      | Found a hazy altar of Hepliaklqana.
  4084 | D:4      | Found an ancient bone altar of Kikubaaqudgha.
  4087 | D:4      | Noticed a human
  4089 | D:4      | Killed a human
  4316 | D:2      | Bought a potion of heal wounds for 55 gold pieces
  4370 | D:5      | Entered Level 5 of the Dungeon
  4511 | D:5      | Noticed a water moccasin
  4516 | D:5      | Killed a water moccasin
  4517 | D:5      | Reached skill level 5 in Earth Magic
  4562 | D:5      | Noticed an ice beast
  4591 | D:5      | Reached XP level 7. HP: 31/39 MP: 12/15
  4656 | D:5      | Identified the ring of the Gastropod {Dex+4 SInv}
  4754 | D:5      | Reached ** piety under Zin
  4918 | D:5      | Identified the ring of Reutz {rPois rC- MP+9 Int+3 Dex+4}
  5531 | D:5      | Learned a level 2 spell: Blink
  5543 | D:6      | Found a staircase to the Ecumenical Temple.
  5906 | D:6      | Reached skill level 5 in Spellcasting
  5906 | D:6      | Reached XP level 8. HP: 44/44 MP: 11/17
  6076 | D:6      | Reached skill level 5 in Stealth
  6184 | D:6      | Found a radiant altar of Vehumet.
  6837 | D:6      | Reached skill level 1 in Invocations
  7014 | D:2      | Bought a masterwork leather armour for 126 gold pieces
  7014 | D:2      | Identified the +1 leather armour of the Hidden Vale
                  | {*Corrode rC- Str+4 Dex+7} (You bought it in a shop on
                  | level 2 of the Dungeon)
  7558 | D:7      | Reached *** piety under Zin
  7559 | D:7      | Reached skill level 5 in Dodging
  7559 | D:7      | Reached skill level 5 in Conjurations
  7639 | D:7      | Reached skill level 5 in Summonings
  7639 | D:7      | Reached XP level 9. HP: 37/50 MP: 13/19
  8221 | D:7      | Noticed Maggie
  8233 | D:7      | HP: 1/50 [Maggie/bolt of fire (25)]
  8235 | D:7      | Killed Maggie
  8533 | D:7      | Found a blossoming altar of Fedhas.
  9011 | D:8      | Found a runed translucent gate.
  9011 | D:8      | Found a runed translucent gate.
  9011 | D:8      | Found a runed translucent gate.
  9014 | D:8      | Found a viscous altar of Jiyva.
  9014 | D:8      | Noticed PanSaczeczos's ghost (novice TeWz)
  9423 | D:8      | Noticed a komodo dragon
  9428 | D:8      | Killed a komodo dragon
  9713 | D:8      | Reached XP level 10. HP: 31/56 MP: 11/21
 10542 | D:8      | Found a staircase to the Lair.
 10911 | D:8      | Learned a level 4 spell: Petrify
 10916 | D:8      | Learned a level 4 spell: Summon Ice Beast
 10917 | Lair:1   | Entered Level 1 of the Lair of Beasts
 11013 | Lair:1   | Noticed a four-headed hydra
 11014 | Lair:1   | Reached skill level 1 in Ice Magic
 11021 | Lair:1   | Killed a four-headed hydra
 11022 | Lair:1   | Reached skill level 5 in Invocations
 11037 | Lair:1   | Noticed a cane toad
 11083 | Lair:1   | Noticed a cane toad
 11095 | Lair:1   | Killed a cane toad
 11405 | Lair:1   | Noticed a five-headed hydra
 11415 | Lair:1   | HP: 1/56 [five-headed hydra (12)]
 11417 | Lair:1   | Killed a five-headed hydra
 11739 | Lair:1   | Reached XP level 11. HP: 61/61 MP: 14/23
 11788 | Lair:1   | Learned a level 3 spell: Frozen Ramparts
 13864 | Lair:2   | Found a hole to the Spider Nest.
 13885 | Lair:2   | Reached skill level 5 in Ice Magic
 14238 | Lair:1   | Zin protects you from harm!
 14814 | Lair:2   | Noticed a four-headed hydra
 14821 | Lair:2   | Killed a four-headed hydra
 14875 | Lair:2   | Noticed a five-headed hydra
 14882 | Lair:2   | Killed a five-headed hydra
 15120 | Lair:1   | Reached XP level 12. HP: 36/68 MP: 0/26
 15280 | Lair:2   | Reached skill level 5 in Fighting
 16257 | Lair:2   | Noticed Gastronok
 16625 | Lair:3   | Found a staircase to the Swamp.
 16654 | Lair:3   | Noticed an eight-headed hydra
 17010 | Lair:3   | Found a runed translucent gate.
 17010 | Lair:3   | Found a runed translucent gate.
 17010 | Lair:3   | Found a runed translucent gate.
 17015 | Lair:3   | Noticed Elimall's ghost (journeyman GnFi)
 17231 | Lair:3   | Killed an eight-headed hydra
 17903 | Lair:3   | Got the Volume of Shifting Companions
 17919 | Lair:3   | Killed from afar by an oklob plant

Illustrated notes

Levels and vault maps discovered:
D:1:      evilmike_arrival_crescent, layout_basic,
          ebering_ecumenical_altar_webs, st_stairs_8, columned_hall_lemuel
D:2:      layout_loops_ring, serial_shops, nicolae_shop_trees, shop_fountains,
          nicolae_shop_stone, shop, nicolae_shop_window_shopping,
          minmay_hexomino_f4
D:3:      layout_basic, grunt_gozag_statues, pdpol_wu_jian_five_deadly_venoms,
          mainiacjoe_overflow_six_doors_small, lexackson_kobold_supper
D:4:      kennysheep_the_goblin_king, layout_rooms,
          mainiacjoe_overflow_24_doors, tgw_kikubaaqudgha, st_stairs_4
D:5:      layout_gridville
D:6:      layout_cave_pods, mainiacjoe_overflow_chevrons, temple_statues
D:7:      layout_loops_ring, mainiacjoe_overflow_alcove_1, uniq_maggie
D:8:      layout_basic, erik_lair_dragon, gammafunk_ghost_ooze
Lair:1:   layout_regular_city, minivault_27
Lair:2:   layout_loops_ring, spider_nest_entry_a,
          chequers_serial_rivers_small_a, uniq_gastronok
Lair:3:   layout_cave_pods, minmay_swamp_entry_reptiles,
          ebering_ghost_rock_garden, grunt_megastairs_1,
          minmay_lair_oklob_chamber

Skill      XL: |  1  2  3  4  5  6  7  8  9 10 11 12 |
---------------+-------------------------------------+-----
Stealth        | 3 4 5 6 7 8 |  8.6
Fighting       | 1 2 3 4 5 |  5.3
Dodging        | 3 4 5 6 7 8 |  8.0
Earth Magic    | 4 5 6 7 8 9 |  9.3
Conjurations   | 1 2 3 5 6 7 8 |  8.1
Summonings     | 1 2 3 5 6 7 8 9 |  9.4
Spellcasting   | 4 5 6 7 8 |  8.7
Invocations    | 2 4 5 7 8 |  8.1
Ice Magic      | 3 5 6 |  6.6
Transmutations | |  1.1

Action                   |  1- 3 |  4- 6 |  7- 9 | 10-12 || total
-------------------------+-------+-------+-------+-------++-------
Melee: Whip              |     5 |       |       |       ||     5
       Dagger            |       |     3 |     2 |    48 ||    53
 Cast: Sandblast         |    43 |    70 |   112 |    77 ||   302
       Stone Arrow       |       |    26 |    43 |   110 ||   179
       Passwall          |       |     2 |     1 |     8 ||    11
       Frozen Ramparts   |       |       |       |    19 ||    19
       Summon Ice Beast  |       |       |       |     4 ||     4
       Blink             |       |       |       |     3 ||     3
       Animate Armour    |       |       |       |     2 ||     2
Invok: Recite            |       |       |     4 |       ||     4
       Vitalisation      |       |       |     1 |     1 ||     2
  Use: Scroll            |       |    13 |     6 |     2 ||    21
       Potion            |       |       |     2 |     6 ||     8
 Stab: Sleeping          |     1 |     1 |     1 |     2 ||     5
Armor: Robe              |     6 |     4 |     2 |    28 ||    40
       Leather armour    |       |       |     1 |       ||     1
Dodge: Dodged            |    21 |    27 |    49 |   182 ||   279
